Map: Bel'Shir Vestige LE (Void)

Players

Musumeci

  • Race: Zerg Zerg
  • League: Diamond
  • Spawn Location: 11:00

carLinGoZ - Winner!

  • Race: Zerg Zerg
  • League: Diamond
  • Spawn Location: 5:00

VOD

Have the link to the VOD?

Description

Time

  • Played on: April 2, 2017, 4:13 p.m.
  • Length: 6:01
Show
View Real Time Build Order
Export as new Build Order

Musumeci Zerg 

Build Orders: Hatch First 

Get SALT Encoding   

  12  0:04  Drone  
  13  0:13  Overlord  
  13  0:21  Drone  
  13  0:23  Drone, Extractor  
  15  0:31  Drone  
  16  0:36  Drone  
  17  0:53  Hatchery  
  17  0:56  Drone  
  17  1:11  Spawning Pool, Extractor  
  16  1:15  Drone  
  17  1:18  Drone  
  17  1:21  Drone  
  18  1:30  Drone  
  19  1:40  Overlord  
  19  1:51  Drone  
  20  1:57  Queen  
  22  2:03  Drone  
  22  2:05  Queen  
  22  2:06  Zergling x2  
  26  2:11  Metabolic Boost  
  26  2:16  Drone  
  26  2:18  Drone  
  28  2:33  Queen, Baneling Nest  
  29  2:44  Zergling x8  
  32  3:00  Zergling x2  
  32  3:01  Zergling x2, Overlord  
  34  3:26  Zergling x16  
  34  3:27  Zergling x2  
  43  3:32  Evolution Chamber  
  42  3:37  Baneling x2  
  30  4:19  Zergling x12  
  30  4:20  Zergling x6  
  38  4:31  Drone x2  
  39  4:38  Zergling x4  
  40  4:50  Zergling x4  
  41  5:04  Zergling x2  
  41  5:05  Zergling x12  
  38  5:25  Baneling x3  
  38  5:26  Drone x7  
  44  5:35  Zergling x4  
  39  5:36  Zergling x4  
Show
View Real Time Build Order
Export as new Build Order

carLinGoZ Zerg - Winner!

Build Orders: Hatch First, Zergling Baneling 

Get SALT Encoding   

  12  0:01  Drone  
  13  0:12  Overlord  
  13  0:18  Drone  
  14  0:31  Drone x2  
  16  0:36  Drone  
  17  0:55  Hatchery  
  17  0:56  Drone  
  17  0:59  Drone  
  17  1:02  Extractor  
  17  1:14  Spawning Pool  
  17  1:17  Drone  
  17  1:21  Drone  
  18  1:30  Drone  
  19  1:40  Overlord  
  19  2:04  Zergling x4  
  19  2:05  Queen, Metabolic Boost  
  24  2:08  Zergling x2  
  24  2:09  Queen  
  24  2:13  Drone  
  27  2:19  Drone  
  28  2:24  Drone  
  29  2:30  Drone  
  29  2:33  Drone  
  29  2:34  Baneling Nest  
  30  2:41  Drone  
  31  2:52  Drone x2  
  33  3:02  Overlord  
  33  3:06  Hatchery  
  33  3:07  Drone x2  
  33  3:19  Zergling x4  
  35  3:22  Zergling x8  
  35  3:24  Zergling x2  
  40  3:32  Zergling x4  
  42  3:35  Zergling x2  
  43  3:41  Baneling x2  
  43  3:42  Baneling  
  43  3:49  Overlord  
  43  3:50  Overlord  
  38  4:05  Zergling x2  
  38  4:06  Zergling x10  
  41  4:15  Zergling x2  
  38  4:22  Zergling x4  
  40  4:28  Zergling x2  
  40  4:29  Queen  
  43  4:38  Zergling x6  
  43  4:39  Zergling x2  
  43  4:45  Zergling x4  
  49  4:47  Baneling x4  
  49  4:50  Baneling  
  49  4:51  Baneling, Zergling x2  
  49  4:52  Zergling x12  
  56  5:00  Zergling x4  
  56  5:04  Zergling x2  
  54  5:14  Zergling x6  
  54  5:20  Overlord x2  
  57  5:31  Zergling x2  
  57  5:32  Zergling x4  
Tags
 
Add a new tag
Caveats
  • Supply blocks, unpowered buildings, or Contaminate may cause inaccurate times.
  • Supply counts are checked every 10 seconds.